 Dungeon Crawl Stone Soup version 0.31-a0-233-g139696dc86 (webtiles) character file.

Game seed: 356227213830680196

54 qw the Shooter (level 3, 0/29 HPs)
             Began as a Minotaur Hexslinger on July 8, 2023.
             Slain by a jackal (2 damage)
             ... on level 2 of the Dungeon.
             The game lasted 00:00:28 (741 turns).

qw the Shooter (Minotaur Hexslinger)                 Turns: 741, Time: 00:00:28

Health: 0/29       AC:  3    Str: 12    XL:     3   Next: 66%
Magic:  3/3        EV: 12    Int: 10    God:
Gold:   80         SH:  0    Dex: 14    Spells: 3/4 levels left

rFire   . . .        Y - +1 sling
rCold   . . .        (no shield)
rNeg    . . .        c - +0 robe
rPois   .            (helmet restricted)
rElec   .            d - +0 cloak
rCorr   .            (no gloves)
SInv    .            (no boots)
Will    .....        (no amulet)
Stlth   +            (no ring)
HPRegen 0.24/turn    (no ring)
MPRegen 0.08/turn

%: no passive effects
@: no status effects
A: horns 2, retaliatory headbutt
a: no special abilities


You were on level 2 of the Dungeon.
You visited 1 branch of the dungeon, and saw 2 of its levels.

You collected 80 gold pieces.


Innate Abilities, Weirdness & Mutations

You have a pair of horns on your head.
You reflexively headbutt those who attack you in melee.


   Skills:
 - Level 2.0 Fighting
 + Level 4.2 Ranged Weapons
 - Level 2.1 Dodging
 - Level 1.0 Spellcasting
 - Level 2.0 Hexes


You had 3 spell levels left.
You knew the following spells:

 Your Spells              Type           Power      Damage    Failure   Level
a - Slow                  Hex            16%        N/A       16%         1

Your spell library contained the following spells:

 Spells                   Type           Power      Damage    Failure   Level
 Inner Flame              Hex/Fire       2%         N/A       56%         3
 Portal Projectile        Hex/Tloc       4%         N/A       56%         3
 Cause Fear               Hex            2%         N/A       83%         4

Inventory:

Hand Weapons
 Y - a +1 sling (weapon)
Armour
 c - a +0 robe (worn)
 d - a +0 cloak (worn)
Potions
 a - a potion of haste {unknown}

Dungeon Overview and Level Annotations

Branches:
Dungeon (2/15)

Altars:

Shops:
D:2 ((


Message History

The jackal closely misses you. The adder misses you.
The jackal barely misses you.
The jackal bites you but does no damage.
The adder barely misses you. You furiously retaliate!
You headbutt the adder! You shoot a sling bullet.
The sling bullet hits the adder but does no damage.
The adder is almost dead.
The jackal bites you but does no damage.
The jackal closely misses you. The adder bites you but does no damage.
The jackal completely misses you. You furiously retaliate!
You headbutt the jackal, but do no damage.
The jackal barely misses you. The adder bites you.
You are poisoned.
The adder poisons you!
You shoot a sling bullet. The sling bullet misses the adder.
You feel sick. The jackal bites you. The jackal closely misses you.
The adder barely misses you. You furiously retaliate!
You headbutt the adder.
You kill the adder!
The jackal closely misses you.
You shoot a sling bullet. The sling bullet hits the jackal.
The jackal is heavily wounded.
You feel sick. The jackal bites you. The jackal completely misses you.
The jackal bites you but does no damage.
You shoot a sling bullet.
The sling bullet barely misses the jackal.
You feel sick.
The jackal barely misses you. x2; The jackal closely misses you.
The jackal bites you.
You shoot a sling bullet. The sling bullet misses the jackal.
You feel sick. The jackal barely misses you. The jackal misses you.
The jackal bites you.
You shoot a sling bullet. The sling bullet hits the jackal.
The jackal is heavily wounded.
You feel sick.
You are no longer poisoned.
The jackal barely misses you. The jackal misses you.
The jackal barely misses you.
You shoot a sling bullet.
The sling bullet closely misses the jackal.
The jackal bites you.
You die...

#.. # #.# ###### #.#
#..... ###<# #.....
#...###########.....
#.....\......)......
##...###########.....
+...h%...... #.....
##.%@#...... #.....
.[....%h+......
#..... ...##...#
..... #..... .#
#....? ..... ######
#..... .... #....$.
.... ######. ..


You could see 2 jackals.

Vanquished Creatures
  An adder (D:2)
  2 dart slugs (D:1)
  3 ball pythons
  4 endoplasms (D:1)
  2 giant cockroaches (D:2)
  2 goblins (D:1)
  A hobgoblin (D:1)
  8 jackals
  5 kobolds
  3 quokkas
  2 bats (D:1)
  A frilled lizard (D:2)
  2 rats (D:1)
36 creatures vanquished.

Notes
Turn   | Place    | Note
-------+----------+-------------------------------------------
     0 | D:1      | qw the Minotaur Hexslinger began the quest for the Orb.
     0 | D:1      | Reached XP level 1. HP: 16/16 MP: 1/1
     0 | D:1      | 0 ||| qw: Version: 0.3-a-46-gb1f654a
     0 | D:1      | 0 ||| qw: Game counter: 3491
     0 | D:1      | 0 ||| qw: Melee chars always use a shield: true
     0 | D:1      | 0 ||| qw: God list: Okawaru
     0 | D:1      | 0 ||| qw: Allow faded altars: false
     0 | D:1      | 0 ||| qw: Do Orc after clearing Dungeon:15 true
     0 | D:1      | 0 ||| qw: Do second Lair branch before Depths: true
     0 | D:1      | 0 ||| qw: Lair rune preference: random
     0 | D:1      | 0 ||| qw: Goals: Normal
     0 | D:1      | 0 ||| PLANNING D:1-11
     2 | D:1      | Noticed a demonspawn
     2 | D:1      | Noticed a vine stalker
     4 | D:1      | Noticed a gargoyle
     4 | D:1      | Noticed an elf
     6 | D:1      | Noticed a ghoul
     6 | D:1      | Noticed a vampire
     8 | D:1      | Noticed a demigod
     8 | D:1      | Noticed a merfolk
    10 | D:1      | Noticed a tengu
    10 | D:1      | Noticed an armataur
    12 | D:1      | Noticed a minotaur
    14 | D:1      | Noticed a human
    14 | D:1      | Noticed a spriggan
    16 | D:1      | Noticed a draconian
    18 | D:1      | Noticed a felid
    20 | D:1      | Noticed a naga
    20 | D:1      | Noticed a troll
    22 | D:1      | Noticed a formicid
    22 | D:1      | Noticed a meteoran
    24 | D:1      | Noticed an ogre
    24 | D:1      | Noticed a gargoyle
    26 | D:1      | Noticed a demonspawn
    26 | D:1      | Noticed a ghoul
    39 | D:1      | HP: 4/16 [jackal (3)]
   106 | D:1      | Reached skill level 3 in Ranged Weapons
   124 | D:1      | Reached XP level 2. HP: 23/23 MP: 2/2
   408 | D:1      | 408 ||| FLEEEEING.
   422 | D:1      | 422 ||| FLEEEEING.
   425 | D:1      | Reached XP level 3. HP: 27/29 MP: 3/3
   583 | D:1      | 583 ||| UPGRADING to +0 cloak.
   588 | D:1      | 588 ||| READING scroll labelled FEMIORH UCIYKICO.
   589 | D:1      | 589 ||| DROPPING scroll of poison.
   658 | D:2      | Found Yfetiniege's Weapon Shoppe.
   709 | D:2      | Found Zidamm's Antique Weapon Shop.
   717 | D:2      | 717 ||| SHOPLISTING runed arbalest (142 gold, have 80).
   717 | D:2      | 717 ||| SHOPLISTING steaming sling (123 gold, have 80).
   733 | D:2      | Reached skill level 4 in Ranged Weapons
   737 | D:2      | HP: 7/29 [poisoned by an adder]
   739 | D:2      | HP: 3/29 [poisoned by an adder]
   740 | D:2      | HP: 1/29 [poisoned by an adder]
   741 | D:2      | Slain by a jackal

Levels and vault maps discovered:
D:1:      kb_arrival_jail, layout_rooms
D:2:      layout_basic, hellmonk_ecumenical_altar_heavens_door, serial_shops,
          shop, shop, shop

Skill      XL: |  1  2  3 |
---------------+----------+-----
Ranged Weapons | 3 4 |  4.2
Fighting       | 2 |  2.0
Dodging        | |  2.1
Spellcasting   | |  1.0
Hexes          | |  2.0

Action                     || total
---------------------------++-------
   Fire: Sling             ||   118
    Use: Scroll            ||     1
 Armour: Robe              ||    21
  Dodge: Dodged            ||    71

Table legend:
 A = Non-vault XP
 B = Vault XP
 C = Vault XP percentage of total XP
 D = Non-vault monster count
 E = Vault monster count
 F = Vault count percentage of total count
                 A         B        C        D         E       F
            +---------+---------+-------+---------+---------+-------
      Total |      78 |       0 |   0.0 |      36 |       0 |   0.0
            +---------+---------+-------+---------+---------+-------
        D:1 |      52 |       0 |   0.0 |      27 |       0 |   0.0
        D:2 |      26 |       0 |   0.0 |       9 |       0 |   0.0
            +---------+---------+-------+---------+---------+-------
